 Dungeon Crawl Stone Soup version 0.20-a0-984-ge8aa303 (webtiles) character file.

372 Lifeless the Sneak (level 7, 0/52 HPs)
             Began as a Human Assassin on Apr 10, 2017.
             Slain by a phantom (9 damage)
             ... on level 4 of the Dungeon.
             The game lasted 00:17:07 (4645 turns).

Lifeless the Sneak (Human Assassin)                 Turns: 4645, Time: 00:17:07

Health: 0/52       AC:  6    Str: 14    XL:     7   Next: 2%
Magic:  7/7        EV: 13    Int: 11    God:
Gold:   97         SH:  0    Dex: 17    Spells: 6/6 levels left

rFire    . . .     SeeInvis .   a - +2 dagger
rCold    . . .     Gourm    .   (no shield)
rNeg     . . .     Faith    .   u - +0 leather armour
rPois    .         Spirit   .   (no helmet)
rElec    .         Reflect  .   d - +0 cloak
rCorr    .         Harm     .   k - +1 pair of gloves
MR       .....                  (no boots)
Stlth    +++.......             (no amulet)
Regen    0.2/turn               p - +3 ring of strength
MPRegen  0.1/turn               (no ring)

@: no status effects
A: no striking features
a: no special abilities


You were on level 4 of the Dungeon.
You were not hungry.

You visited 1 branch of the dungeon, and saw 5 of its levels.

You collected 97 gold pieces.

Inventory:

Hand Weapons
 a - a +2 dagger (weapon)
 b - a +0 blowgun
Missiles
 e - 8 poisoned needles
 f - 2 curare-tipped needles
Armour
 d - a +0 cloak (worn)
 k - a +1 pair of gloves (worn)
 u - a +0 leather armour (worn)
Jewellery
 p - a +3 ring of strength (left hand)
Scrolls
 i - 2 scrolls of enchant armour {unknown}
 m - a scroll of immolation {unknown}
 s - 2 scrolls of teleportation {unknown}
 t - 2 scrolls of remove curse
Potions
 h - a potion of magic
 j - a potion of cancellation
 l - a potion of lignification {unknown}
 n - a potion of flight
 o - 3 potions of heal wounds {unknown}
Comestibles
 g - 5 bread rations
 q - 4 meat rations


   Skills:
 + Level 3.3 Fighting
 * Level 4.2 Short Blades
 - Level 2.0 Throwing
 + Level 2.8 Dodging
 * Level 5.7 Stealth


You had 6 spell levels left.
You didn't know any spells.

Dungeon Overview and Level Annotations

Branches:
Dungeon (5/15)
 Temple: D:4-7

Altars:
Cheibriados
Yredelemnul

Shops:
D:4 *:*}:

Annotations:
D:4 Blork the orc, Dowan, Duvessa


Message History

* * * LOW HITPOINT WARNING * * *
The phantom blinks!
The phantom blinks!
The phantom blinks!
There is a stone staircase leading down here.
You climb downwards.
A howler monkey comes into view.
The howler monkey howls!
Found 19 bolts.
There is a stone staircase leading up here.
You climb upwards.
Level annotation: Blork the orc, Dowan, Duvessa
There is a stone staircase leading down here.
You open the door.
There is an open door here.
There is an open door here.
You closely miss the phantom.
The phantom is almost destroyed.
The phantom hits you!
You die...

#....#......#.......#.....##
#.8.∩.8.....'>........W.....
......#......#.......#.....##
#....8#......#.......#..)..##
#.....#####..........#.....##
+.........'..........#.....##
#...)##...#.......####.......
#...........W...........#....
...###...##@........§..#....
#...##............#....
#...##............#....
#...##............#....
#...##............#....
####...##............#....
#......##............#....
#.....###............#####
#.....# ............# #


You could see a phantom.

Vanquished Creatures
  An ogre (D:4)
  A hound (D:4)
  An orc wizard (D:4)
  An orc priest (D:4)
  A worker ant (D:3)
  Natasha (twice) (D:2)
  A gnoll (D:1)
  5 adders
  3 worms
  2 dart slugs (D:1)
  4 leopard geckos
  7 orcs (D:4)
  2 giant cockroaches (D:4)
  3 goblins
  6 hobgoblins
  4 jackals (D:4)
  A quokka (D:3)
  2 frilled lizards
  3 kobolds
  5 rats
55 creatures vanquished.

Notes
Turn   | Place    | Note
-------+----------+-------------------------------------------
     0 | D:1      | Lifeless the Human Assassin began the quest for the Orb.
     0 | D:1      | Reached XP level 1. HP: 16/16 MP: 1/1
    74 | D:1      | Found a snail-covered altar of Cheibriados.
   337 | D:1      | Reached XP level 2. HP: 22/22 MP: 2/2
   652 | D:1      | Reached XP level 3. HP: 22/27 MP: 3/3
  1435 | D:2      | Found a basalt altar of Yredelemnul.
  1476 | D:2      | Noticed Natasha
  1483 | D:2      | Killed Natasha
  1483 | D:2      | Reached XP level 4. HP: 34/34 MP: 4/4
  1557 | D:2      | Noticed Natasha
  1574 | D:2      | Killed Natasha
  2204 | D:3      | Reached XP level 5. HP: 24/39 MP: 5/5
  2964 | D:3      | Reached skill level 5 in Stealth
  3419 | D:4      | Noticed a phantom
  3506 | D:4      | Found Beaq's General Store.
  3511 | D:4      | Noticed an ogre
  3521 | D:4      | Noticed Blork the orc
  3526 | D:4      | Found Loteot's Gadget Emporium.
  3529 | D:4      | Killed an ogre
  3529 | D:4      | Reached XP level 6. HP: 46/46 MP: 6/6
  3734 | D:4      | Noticed Duvessa
  3760 | D:4      | Noticed Dowan
  4010 | D:4      | Found Ittittet's Book Emporium.
  4181 | D:4      | Found Yfatt's General Store.
  4384 | D:4      | Found Hame's Book Emporium.
  4472 | D:4      | Reached XP level 7. HP: 51/52 MP: 7/7
  4631 | D:5      | Entered Level 5 of the Dungeon
  4645 | D:4      | Slain by a phantom

Vault maps used:
D:1:      lightli_arrival_statue_moat, cheibriados_altar_1
D:2:      lemuel_doored_altar, first_bread, minmay_pentomino_t4, uniq_natasha
D:4:      serial_shops, shop_fountains, nicolae_shop_statue_plus,
          kennysheep_little_box, nicolae_shop_behind_doors,
          nicolae_shop_temple_entry_statues_fountains, uniq_blork_the_orc,
          uniq_duvessa
D:5:      minmay_temple_entry_glass, uniq_sigmund, uniq_menkaure

Skill      XL: |  1  2  3  4  5  6 |
---------------+-------------------+-----
Short Blades   | 3 4 |  4.2
Dodging        | 2 |  2.8
Stealth        | 5 |  5.7
Fighting       | 3 |  3.3
Throwing       | |  2.0

Action                   |  1- 3 |  4- 6 |  7- 9 || total
-------------------------+-------+-------+-------++-------
Melee: Dagger            |    43 |   230 |    48 ||   321
 Fire: Blowgun           |       |     1 |       ||     1
  Use: Scroll            |     6 |     5 |       ||    11
       Potion            |       |     2 |       ||     2
 Stab: Sleeping          |     3 |     6 |       ||     9
  Eat: Chunk             |     1 |     8 |       ||     9
       Meat ration       |       |     1 |       ||     1
Armor: Robe              |     3 |    35 |       ||    38
       Leather armour    |       |       |     6 ||     6
Dodge: Dodged            |    14 |   102 |    14 ||   130
